 Dungeon Crawl Stone Soup version 0.30.1-3-gfc49f6343a (webtiles) character file.

Game seed: 9066201696103085954

223780 Wiggles the Slayer (level 18, -2/170 (185) HPs)
             Began as a Minotaur Berserker on July 19, 2023.
             Was a High Priest of Trog.
             Shot with an arrow by a naga sharpshooter (4 damage)
             ... on level 4 of the Snake Pit on July 20, 2023.
             The game lasted 01:01:14 (29241 turns).

Wiggles the Slayer (Minotaur Berserker)            Turns: 29241, Time: 01:01:14

HP:   -2/170 (185)  AC: 43    Str: 28    XL:     18   Next: 94%
MP:   0/35          EV:  8    Int:  7    God:    Trog [*****.]
Gold: 2533          SH: 17    Dex: 12    Spells: 17/17 levels left

rFire   + + .        V - +9 broad axe "Undertaker" {freeze, rC+ Stlth+}
rCold   + + +        N - +2 shield of Resistance {rF++ rC++ Will++}
rNeg    . . .        Q - +8 orange crystal plate armour {Archmagi, Int+3 Clar}
rPois   +            n - +2 hat
rElec   .            t - scarf "Tujo" {shadows, +Inv MP+9 Slay+6 SInv}
rCorr   .            S - +2 pair of gloves
SInv    +            q - +2 pair of boots
Will    +++..        k - amulet of guardian spirit Stlth
                     X - ring "Hown" {MP+9 Slay+3}
HPRegen 0.48/turn    i - ring of poison resistance
MPRegen 0.24/turn

%: clarity, guardian spirit, archmagi
@: weakened, drained, invisible
A: horns 2, retaliatory headbutt
a: Renounce Religion, Evoke Invisibility, Berserk, Trog's Hand, Brothers in Arms


You were on level 4 of the Snake Pit.
You worshipped Trog.
Trog was extremely pleased with you.
You visited 6 branches of the dungeon, and saw 30 of its levels.
You also visited: Bailey.

You collected 4293 gold pieces.
You spent 1760 gold pieces at shops.

Inventory:

Hand Weapons
 F - a +7 antimagic broad axe
 V - the +9 broad axe "Undertaker" (weapon) {freeze, rC+ Stlth+}
   (You found it on level 2 of the Shoals)

   rC:        It protects you from cold.
   Stlth:     It makes you more stealthy.
Missiles
 B - 11 javelins (quivered)
Armour
 n - a +2 hat (worn)
 q - a +2 pair of boots (worn)
 t - the scarf "Tujo" (worn) {shadows, +Inv MP+9 Slay+6 SInv}
   (You found it on level 3 of the Dungeon)

   Slay:      It affects your accuracy & damage with ranged weapons and melee
   (+6).
   MP:        It affects your magic capacity (+9).
   SInv:      It lets you see invisible.
   +Inv:      It lets you turn invisible.
 J - a +3 plate armour of willpower
 N - the +2 shield of Resistance (worn) {rF++ rC++ Will++}
   (You found it on level 8 of the Dungeon)

   rF:        It greatly protects you from fire.
   rC:        It greatly protects you from cold.
   Will:      It greatly increases your willpower.
 Q - the +8 orange crystal plate armour (worn) {Archmagi, Int+3 Clar}
   (You found it in a bailey)

   Int:       It affects your intelligence (+3).
   Clar:      It protects you from confusion, rage, mesmerisation and fear.
 S - a +2 pair of gloves (worn)
Jewellery
 e - a ring of flight
 h - a ring of protection from cold
 i - a ring of poison resistance (right hand)
 k - an amulet of guardian spirit (around neck)
 v - a +4 ring of slaying
 x - a ring of resist corrosion
 y - the amulet "Odiky" {rC+ Regen+ Int+3}
   (You found it on level 2 of the Lair of Beasts)

   [amulet of regeneration]

   Int:       It affects your intelligence (+3).
   rC:        It protects you from cold.
   Regen:     It increases your rate of health regeneration.
 A - a ring of protection from fire
 G - a ring of protection from fire
 H - a ring of protection from fire
 L - a ring of see invisible
 M - a +6 ring of dexterity
 P - a ring of protection from fire
 X - the ring "Hown" (left hand) {MP+9 Slay+3}
   (You found it on level 3 of the Shoals)

   [ring of magical power]

   Slay:      It affects your accuracy & damage with ranged weapons and melee
   (+3).
   MP:        It affects your magic capacity (+9).
Wands
 a - a wand of polymorph (14)
 b - a wand of charming (11)
 E - a wand of flame (47)
 K - a wand of iceblast (20)
 T - a wand of quicksilver (5)
Scrolls
 c - 5 scrolls of poison
 d - 3 scrolls of butterflies
 f - 3 scrolls of identify
 j - 2 scrolls of silence
 m - 14 scrolls of teleportation
 p - 4 scrolls of fear
 r - 3 scrolls of blinking
 u - 4 scrolls of fog
 C - 9 scrolls of magic mapping
 O - a scroll of brand weapon
Potions
 g - 3 potions of haste
 l - 2 potions of lignification
 o - 2 potions of curing
 s - 6 potions of flight
 w - 3 potions of cancellation
 z - 3 potions of might
 D - 3 potions of berserk rage
 R - 3 potions of magic
 U - 2 potions of ambrosia


   Skills:
 + Level 22.4 Fighting
 + Level 21.6 Axes
 + Level 0.5 Throwing
 + Level 18.8 Armour
 + Level 3.8 Dodging
 + Level 2.3 Stealth
 + Level 19.8 Shields


You had 17 spell levels left.
You didn't know any spells.
Your spell library was empty.

Dungeon Overview and Level Annotations

Branches:
Dungeon (15/15)              Lair (5/5) D:9          Shoals (3/4) Lair:2
  Snake (4/4) Lair:2        Slime (1/5) Lair:5          Orc (2/2) D:10
    Elf (0/3) Orc:2        Vaults (0/5) D:13         Bailey (visited)
 Temple: D:4-7       Depths: D:15

Altars:
Ashenzari
Cheibriados
Dithmenos
Elyvilon
Gozag
Hepliaklqana
Kikubaaqudgha
Makhleb
Okawaru
Sif Muna
Uskayaw
Wu Jian
Yredelemnul
Zin
The Shining One
Lugonu

Shops:
D:6 =[   D:11 :   Orc:2 *?*?!   Shoals:1 ?   Snake:3 [   Snake:4 =

Portals:
Abyss: Lair:5

Annotations:
D:12 3 runed translucent doors, ZoeForever1's ghost, journeyman MiFi
Snake:4 Vashnia


Innate Abilities, Weirdness & Mutations

You have a pair of horns on your head.
You reflexively headbutt those who attack you in melee.


Message History

* * * LOW HITPOINT WARNING * * *
The naga sharpshooter spits poison at you.
You block the splash of poison.
Blink to where?
Press: ? - help, Dir - move target
As you read the scroll of blinking, it crumbles to dust.
You feel sick.
The naga sharpshooter gestures wildly while chanting.
The naga sharpshooter magically shoots an arrow.
You block the arrow.
Your deep troll bites Vashnia!!
Your deep troll misses Vashnia.
Your deep troll claws Vashnia.
You close the large door.
You feel sick.
You hear a shout!
Found a potion of flight.
You feel sick.
You feel sick.
You are no longer poisoned.
A naga sharpshooter comes into view. It is wielding a +0 flail.
The naga sharpshooter shouts!
A mana viper comes into view.
A black mamba comes into view.
The black mamba hisses angrily.
You hear a shout!
A mana viper comes into view.
The naga sharpshooter spits poison at you.
The splash of poison hits you but does no damage.
You resist.
The mana viper hisses angrily.
The naga sharpshooter unwields a +0 flail.
The naga sharpshooter wields a +0 arbalest.
The naga sharpshooter shoots a bolt.
The bolt hits you!
* * * LOW HITPOINT WARNING * * *
You fade into invisibility!
The naga sharpshooter gestures wildly while chanting.
The naga sharpshooter magically shoots a bolt.
You block the bolt. The black mamba closely misses you.
You furiously retaliate!
You headbutt the black mamba!
A naga ritualist comes into view. It is wielding a +0 battleaxe.
The mana viper attacks as you move away!
The mana viper barely misses you. The black mamba barely misses you.
You furiously retaliate!
You headbutt the black mamba!!
The naga sharpshooter shoots an arrow.
The arrow hits you.
You die...

.........
........#
........N....#
........#
..........N..#
#........
............#
#........
#.........!.#
#.......<
..##.....S....###
.......).
...##...SS.......
.......))
....##....@......
.........
....##.##....###
####.....
#...###.....#
#..###
#.).##.....#. #..
#..)#N....'.. #..
##.)'.#...#.. #.
##..'.#...'..
##§..#.....#.. #.
##NT†##.....#..


You could see 2 naga sharpshooters, a naga ritualist, 2 mana vipers and a black
mamba (unable to see you).

Vanquished Creatures
  Saint Roka (Snake:2)
  Jorgrun (D:15)
  Mlioglotl (Shoals:1)
  Gastronok (D:11)
  Polyphemus (Shoals:2)
  Agnes (Snake:2)
  2 nagarajas (Snake:4)
  Donald (Snake:2)
  Ilsuiw (Shoals:3)
  The ghost of Gorgoleon the Marksspriggan, an adept SpHu of Okawaru (Shoals:3)
  An orc warlord (Orc:2)
  Nessos (D:15)
  Josephine (D:15)
  3 merfolk javelineers
  4 merfolk impalers
  A hydra (Lair:2)
  3 salamander tyrants
  3 centaur warriors
  5 boulder beetles
  A satyr (Shoals:2)
  8 anacondas
  4 merfolk avatars
  2 catoblepae
  A merfolk aquamancer (Shoals:3)
  3 tengu warriors (D:14)
  2 dancing weapons (D:13)
  3 alligator snapping turtles
  2 two-headed ogres
  15 naga warriors
  3 thrashing horrors (Lair:5)
  4 naga sharpshooters (Snake:4)
  4 orc high priests
  13 death yaks
  7 shock serpents
  6 skysharks
  5 skeletal warriors (D:14)
  2 salamander mystics
  7 sea snakes
  5 naga ritualists
  11 orc knights
  The ghost of bronco the Gouger, a novice FeVM of Gozag (Orc:2)
  21 harpies
  2 wolf spider zombies (D:15)
  5 oklob plants
  3 deep elf pyromancers
  14 mana vipers
  7 fauns
  19 ugly things
  10 cyclopes
  3 orc sorcerers
  16 salamanders
  12 manticores
  15 elephants
  8 centaur zombies (D:15)
  7 merfolk sirens
  8 naga magi
  2 water nymphs
  39 black mambas
  3 guardian serpents
  2 smoke demons (Lair:5)
  10 cane toads
  2 gargoyles (D:12)
  5 rime drakes
  An unseen horror (D:13)
  A redback zombie (D:15)
  6 komodo dragons
  A tengu conjurer (D:14)
  3 ancient zymes (Lair:5)
  12 merfolk
  8 trolls
  3 wind drakes
  A harpy zombie (D:15)
  A hornet (D:9)
  4 polar bears
  2 large abominations (Lair:5)
  A queen bee (shapeshifter) (D:14)
  4 snapping turtles
  14 blink frogs
  9 dream sheep
  10 slime creatures
  A meliai zombie (D:15)
  A shadow (D:10)
  4 ynoxinuls (Lair:5)
  2 spriggans (Lair:5)
  5 wraiths
  3 water elementals (Shoals:3)
  3 vampires (D:9)
  57 yaks
  5 wyverns
  A chaos spawn (Lair:5)
  7 basilisks
  A steam dragon (Lair:1)
  6 vampire mosquitoes
  8 wargs
  2 acid dragons
  32 nagas
  Duvessa (D:4)
  20 water moccasins
  4 black bears
  58 orc warriors
  A sky beast (D:6)
  A wolf (Lair:1)
  7 ogres
  4 boggarts (D:15)
  9 small abominations (Lair:5)
  12 centaurs
  A kobold brigand (D:10)
  9 bullfrogs
  3 gnoll sergeants
  3 scorpions
  9 wights
  Dowan (D:4)
  9 killer bees
  4 howler monkeys (D:9)
  4 jellies
  A gnoll bouda (D:4)
  16 orc priests
  3 hounds
  Ijyb (D:5)
  4 iguanas
  21 orc wizards
  2 boggart zombies (D:15)
  18 gnolls
  9 adders
  A shadow imp (D:8)
  An ufetubus (D:5)
  97 orcs
  6 ball pythons
  5 bats
  6 endoplasms
  2 giant cockroaches (D:2)
  4 goblins
  4 hobgoblins
  5 jackals (D:1)
  3 quokkas
  4 frilled lizards
  10 kobolds
  A kobold skeleton (D:6)
  2 rats
960 creatures vanquished.

Vanquished Creatures (collateral kills)
  A nagaraja (Snake:4)
  A salamander tyrant (Snake:4)
  A centaur warrior (D:14)
  A naga ritualist (Snake:4)
  An orc knight (Orc:2)
  2 mana vipers (Snake:4)
  5 ugly things (D:15)
  A merfolk siren (Shoals:2)
  A guardian serpent (Snake:4)
  A merfolk (Shoals:2)
  A warg (Orc:2)
  2 nagas (Snake:4)
  An orc (Orc:2)
19 creatures vanquished.

Vanquished Creatures (others)
  A harpy (Shoals:2)
1 creature vanquished.

Grand Total: 980 creatures vanquished

Notes
Turn   | Place    | Note
-------+----------+-------------------------------------------
     0 | D:1      | Wiggles the Minotaur Berserker began the quest for the Orb.
     0 | D:1      | Reached XP level 1. HP: 19/19 MP: 0/0
   107 | D:1      | Reached XP level 2. HP: 26/27 MP: 1/1
   166 | D:1      | You fall into a shaft and drop 1 floor!
   188 | D:2      | Noticed a black bear
   212 | D:1      | Reached skill level 4 in Fighting
   213 | D:1      | Killed a black bear
   214 | D:1      | Reached skill level 5 in Axes
   214 | D:1      | Reached XP level 3. HP: 9/34 MP: 2/2
   214 | D:1      | Reached XP level 4. HP: 10/41 MP: 3/3
  1022 | D:2      | Reached XP level 5. HP: 47/47 MP: 4/4
  1320 | D:3      | Identified the scarf "Tujo" {shadows, +Inv MP+9 Slay+6
                  | SInv}
  1543 | D:3      | Found a shimmering blue altar of Sif Muna.
  1642 | D:3      | Reached ** piety under Trog
  2133 | D:4      | Identified the ring "Tiwishaj" {Fly rC- rN++ MP+9 Str+2}
  2332 | D:4      | Noticed an ogre
  2339 | D:4      | Killed an ogre
  2340 | D:4      | Reached skill level 5 in Fighting
  2340 | D:4      | Reached XP level 6. HP: 56/56 MP: 5/5
  2341 | D:4      | Found an opulent altar of Gozag.
  2536 | D:4      | Found a snail-covered altar of Cheibriados.
  2564 | D:4      | Noticed Dowan
  2565 | D:4      | Noticed Duvessa
  2577 | D:4      | Killed Duvessa
  2577 | D:4      | Killed Dowan
  2578 | D:4      | Reached skill level 5 in Armour
  2578 | D:4      | Reached XP level 7. HP: 61/61 MP: 6/6
  2736 | D:5      | Entered Level 5 of the Dungeon
  3221 | D:5      | Noticed Ijyb
  3229 | D:5      | Killed Ijyb
  3254 | D:5      | Found a shadowy altar of Dithmenos.
  3479 | D:6      | Found Yxacwax's Armour Shop.
  3504 | D:6      | Reached XP level 8. HP: 60/70 MP: 7/7
  3595 | D:6      | Reached skill level 6 in Fighting
  3662 | D:6      | Found an ancient bone altar of Kikubaaqudgha.
  3666 | D:6      | Identified the +1 hand axe "Waerph" {protect, rF++}
  3686 | D:6      | Found a hazy altar of Hepliaklqana.
  3758 | D:6      | Found Jyolas's Jewellery Shoppe.
  3825 | D:6      | Found a runed translucent door.
  3827 | D:6      | Found a basalt altar of Yredelemnul.
  4399 | D:7      | Reached *** piety under Trog
  4696 | D:8      | Reached skill level 10 in Axes
  4827 | D:8      | Reached skill level 7 in Fighting
  4962 | D:8      | Found a white marble altar of Elyvilon.
  5042 | D:8      | Found a glowing golden altar of the Shining One.
  5042 | D:8      | Found a broken altar of Ashenzari.
  5135 | D:8      | Reached XP level 9. HP: 76/79 MP: 8/8
  5147 | D:8      | Found the +2 shield of Resistance {rF++ rC++ Will++}
  5468 | D:9      | Reached skill level 1 in Stealth
  5625 | D:9      | Found a burning altar of Makhleb.
  5661 | D:9      | Reached skill level 8 in Fighting
  5733 | D:9      | Reached skill level 1 in Shields
  5760 | D:9      | Reached XP level 10. HP: 90/90 MP: 9/9
  5771 | D:9      | Found a staircase to the Lair.
  5773 | D:9      | Reached **** piety under Trog
  5777 | D:9      | Reached skill level 9 in Fighting
  5823 | D:9      | Found a flagged portal.
  5959 | Bailey   | Entered a bailey
  5999 | Bailey   | Found a large runed translucent door.
  5999 | Bailey   | Found a large runed translucent door.
  5999 | Bailey   | Noticed a deep elf pyromancer
  6006 | Bailey   | Found the +8 orange crystal plate armour {Archmagi, Int+3
                  | Clar}
  6162 | Bailey   | Noticed an orc knight
  6198 | Bailey   | Killed an orc knight
  6262 | Bailey   | Killed a deep elf pyromancer
  6400 | D:9      | Found a hide-covered altar of Uskayaw.
  6411 | D:9      | Reached skill level 10 in Armour
  6528 | D:9      | Reached skill level 10 in Fighting
  7188 | D:10     | Entered Level 10 of the Dungeon
  7225 | D:10     | Reached XP level 11. HP: 101/101 MP: 10/10
  7521 | D:10     | Found a staircase to the Orcish Mines.
  7634 | D:10     | Found a glowing silver altar of Zin.
  7925 | D:11     | Noticed a two-headed ogre
  7930 | D:11     | Killed a two-headed ogre
  8031 | D:11     | Reached skill level 11 in Fighting
  8275 | D:11     | Found Wosoqiev's Book Shoppe.
  8366 | D:11     | Noticed Gastronok
  8381 | D:11     | Killed Gastronok
  8760 | D:12     | Found a runed translucent gate.
  8760 | D:12     | Found a runed translucent gate.
  8760 | D:12     | Found a runed translucent gate.
  8803 | D:12     | Noticed a minotaur
  8806 | D:12     | Noticed ZoeForever1's ghost (journeyman MiFi)
  8872 | D:12     | Reached skill level 5 in Shields
  9312 | D:12     | Noticed a cyan ugly thing
  9321 | D:12     | Killed a cyan ugly thing
  9598 | D:13     | Noticed a centaur warrior
  9610 | D:13     | Killed a centaur warrior
  9611 | D:13     | Reached skill level 12 in Fighting
  9621 | D:13     | Reached ***** piety under Trog
  9622 | D:13     | Reached skill level 15 in Axes
  9658 | D:13     | Noticed a boulder beetle
  9717 | D:13     | Killed a boulder beetle
  9718 | D:13     | Reached XP level 12. HP: 112/112 MP: 11/11
  9785 | D:13     | Found a gate to the Vaults.
  9874 | D:13     | Noticed a centaur warrior
  9886 | D:13     | Killed a centaur warrior
 10388 | D:13     | Found a hazy altar of Hepliaklqana.
 10589 | D:14     | Noticed a tengu warrior
 10604 | D:14     | Killed a tengu warrior
 10653 | D:14     | Noticed a tengu warrior
 10654 | D:14     | Noticed a tengu warrior
 10670 | D:14     | Killed a tengu warrior
 10678 | D:14     | Killed a tengu warrior
 10756 | D:14     | Noticed a centaur warrior
 10765 | D:14     | Killed a centaur warrior
 10766 | D:14     | Reached skill level 13 in Fighting
 10890 | D:14     | Reached skill level 10 in Shields
 10938 | D:14     | Reached XP level 13. HP: 85/122 MP: 12/12
 11497 | D:15     | Entered Level 15 of the Dungeon
 11795 | D:15     | Found a basalt altar of Yredelemnul.
 11833 | D:15     | Noticed Josephine
 11849 | D:15     | Killed Josephine
 11850 | D:15     | Reached skill level 14 in Fighting
 11978 | D:15     | Noticed Nessos
 12012 | D:15     | Killed Nessos
 12215 | D:15     | Noticed Jorgrun
 12238 | D:15     | Killed Jorgrun
 12928 | D:15     | Reached XP level 14. HP: 122/133 MP: 13/13
 13434 | Lair:1   | Entered Level 1 of the Lair of Beasts
 13575 | Lair:1   | Received a gift from Trog
 13753 | Lair:1   | Identified the +1 robe of Boredom {rPois Int-2 SInv}
 13998 | Lair:1   | Reached skill level 15 in Fighting
 14465 | Lair:1   | Found the +8 Vampire's Tooth {megavamp}
 14724 | Lair:2   | Found a staircase to the Snake Pit.
 14732 | Lair:2   | Reached skill level 15 in Armour
 15454 | Lair:2   | Identified the amulet "Odiky" {rC+ Regen+ Int+3}
 15520 | Lair:2   | Found a staircase to the Shoals.
 15995 | Lair:3   | Received a gift from Trog
 16128 | Lair:3   | Identified the +10 whip "Grim Tooth" {heavy, rPois rC+++
                  | rCorr Str-2}
 16876 | Lair:4   | Reached XP level 15. HP: 112/143 MP: 8/14
 17233 | Lair:5   | Entered Level 5 of the Lair of Beasts
 17280 | Lair:5   | Reached skill level 16 in Fighting
 17355 | Lair:5   | Found a staircase to the Slime Pits.
 17560 | Lair:5   | Found a corrupted altar of Lugonu.
 17560 | Lair:5   | Found a one-way gate to the infinite horrors of the Abyss.
 17638 | Lair:5   | Identified the +0 ring mail "Plog" {rPois rF+ Int-4 Dex+2}
 17682 | Lair:5   | Reached skill level 15 in Shields
 18153 | Lair:5   | Received a gift from Trog
 18551 | Lair:5   | Identified a scroll of acquirement
 18551 | Lair:5   | Acquired a manual of Fighting
 18554 | Slime:1  | Entered Level 1 of the Pits of Slime
 18744 | Orc:1    | Entered Level 1 of the Orcish Mines
 19044 | Orc:1    | Found an iron altar of Okawaru.
 19378 | Orc:2    | Entered Level 2 of the Orcish Mines
 19398 | Orc:2    | Reached skill level 17 in Fighting
 19411 | Orc:2    | Reached ****** piety under Trog
 19514 | Orc:2    | Found a staircase to the Elven Halls.
 19627 | Orc:2    | Received a gift from Trog
 19774 | Orc:2    | Found Detzij's General Store.
 19826 | Orc:2    | Bought a scroll of enchant armour for 127 gold pieces
 19831 | Orc:2    | Found Kogg's Magic Scroll Shoppe.
 19853 | Orc:2    | Bought 2 scrolls of enchant weapon for 195 gold pieces
 19853 | Orc:2    | Bought a scroll of acquirement for 676 gold pieces
 19853 | Orc:2    | Acquired 959 gold pieces
 19874 | Orc:2    | Found Baojae's Assorted Antiques.
 20053 | Orc:2    | Found Meim's Magic Scroll Shoppe.
 20099 | Orc:2    | Bought a scroll of enchant armour for 112 gold pieces
 20105 | Orc:2    | Found Nirop's Distillery.
 20194 | Orc:2    | Bought a potion of experience for 650 gold pieces
 20194 | Orc:2    | Reached skill level 18 in Fighting
 20194 | Orc:2    | Reached XP level 16. HP: 157/157 MP: 11/15
 20374 | Orc:2    | Found a runed translucent gate.
 20379 | Orc:2    | Found a runed translucent gate.
 20379 | Orc:2    | Found a runed translucent gate.
 20382 | Orc:2    | Noticed bronco's ghost (novice FeVM)
 20519 | Orc:2    | Killed bronco's ghost
 20556 | Orc:2    | Identified the +1 pair of boots "Gurauz" {Harm Dex+3}
 20963 | Shoals:1 | Entered Level 1 of the Shoals
 21024 | Shoals:1 | Received a gift from Trog
 21028 | Shoals:1 | Reached XP level 17. HP: 157/166 MP: 10/16
 21256 | Shoals:1 | Noticed Mlioglotl
 21260 | Shoals:1 | Reached skill level 19 in Fighting
 21268 | Shoals:1 | Noticed a bone dragon
 21270 | Shoals:1 | Killed Mlioglotl
 21973 | Shoals:1 | Found Zaoc's Magic Scroll Emporium.
 22283 | Shoals:2 | Noticed Polyphemus
 22315 | Shoals:2 | Killed Polyphemus
 22512 | Shoals:2 | Reached skill level 20 in Fighting
 22529 | Shoals:2 | HP: 7/170 [satyr/arrow (18)]
 22911 | Shoals:2 | Identified the +9 broad axe "Undertaker" {freeze, rC+
                  | Stlth+}
 23730 | Shoals:3 | Noticed Ilsuiw
 23743 | Shoals:3 | Killed Ilsuiw
 24180 | Shoals:3 | Received a gift from Trog
 24602 | Shoals:3 | Found a transporter.
 24605 | Shoals:3 | Noticed Gorgoleon's ghost (adept SpHu)
 24606 | Shoals:3 | Found a transporter.
 25168 | Shoals:3 | Reached skill level 21 in Fighting
 25178 | Shoals:3 | Killed Gorgoleon's ghost
 25200 | Shoals:3 | Identified the ring "Hown" {MP+9 Slay+3}
 25586 | Snake:1  | Entered Level 1 of the Snake Pit
 25815 | Snake:1  | Reached XP level 18. HP: 169/182 MP: 17/17
 25992 | Snake:1  | Received a gift from Trog
 26312 | Snake:2  | Found an ornate altar of the Wu Jian Council.
 26561 | Snake:2  | Noticed Donald
 26568 | Snake:2  | Killed Donald
 26923 | Snake:2  | Noticed Agnes
 26930 | Snake:2  | Killed Agnes
 27041 | Snake:2  | Noticed Saint Roka
 27064 | Snake:2  | Killed Saint Roka
 27289 | Snake:2  | Acquired 630 gold pieces
 27315 | Snake:3  | Found Biazxakh's Antique Armour Emporium.
 27323 | Snake:3  | Received a gift from Trog
 28238 | Snake:4  | Entered Level 4 of the Snake Pit
 28247 | Snake:4  | Reached skill level 22 in Fighting
 28254 | Snake:4  | Found Aregon's Jewellery Emporium.
 29195 | Snake:4  | Noticed Vashnia
 29213 | Snake:4  | Received a gift from Trog
 29239 | Snake:4  | HP: 1/170 [naga sharpshooter/bolt (11)]
 29241 | Snake:4  | Shot with an arrow by a naga sharpshooter

Illustrated notes

Levels and vault maps discovered:
D:1:      erik_arrival_blinker_ship, layout_rooms
D:2:      layout_rooms, grunt_ministairs_13
D:3:      layout_loops_corners, mainiacjoe_overflow_alcove_1,
          kennysheep_generic_room_10
D:4:      layout_rooms, nicolae_gozag_seed_capital, cheibriados_altar_1,
          uniq_duvessa
D:5:      layout_rooms, mainiacjoe_overflow_brackets, uniq_ijyb
D:6:      layout_basic, mainiacjoe_overflow_large_starburst,
          dk_yredelemnul_ordeal, serial_shops, nicolae_stop_n_shop_2,
          nicolae_shop_pleasant_corner_grove, minmay_door_square,
          minmay_crystal_room
D:7:      layout_basic, minmay_temple_entry_glassed_door
D:8:      layout_loops_cross, gammafunk_temple_overflow_forgotten,
          kennysheep_small_square
D:9:      layout_basic, mainiacjoe_overflow_boulevard, bloody_makhleb,
          minmay_lair_entry_grove, enter_bailey_4
D:10:     layout_roguey, zin_scriptorium, minmay_orc_entry_temple_small
D:11:     layout_loops_corners, serial_shops, nicolae_shop_trees, uniq_gastronok
D:12:     layout_basic, gauntlet_entry_generic, maelrawn_ghost_gauntlet_escape
D:13:     layout_basic, erik_vaults_1, kennysheep_diamond
D:14:     layout_roguey
D:15:     grunt_enter_depths_hoard, layout_grid_maze,
          nicolae_yredelemnul_corpse_copse, uniq_josephine, uniq_jorgrun,
          uniq_nessos
Lair:1:   minmay_lair_oklob_tunnel, layout_misc_corridors, st_stairs_4,
          beast_lair_carwin_7
Lair:2:   layout_loops_ring, shoals_dummy_entry,
          minmay_snake_entry_six_corridors, chequers_serial_rivers_small_3,
          grunt_megastairs_5
Lair:3:   layout_misc_corridors
Lair:4:   layout_cave_shapes, lemuel_fruit_fields, lemuel_fruit_fields
Lair:5:   hellmonk_lair_end_abyssal_woods, layout_long_grid,
          nicolae_slime_entry_field_trip
Shoals:1: layout_shoals, serial_shops, shop,
          nicolae_shoals_stone_sculpture_thing, uniq_mlioglotl
Shoals:2: cheibrodos_shoals_roost, layout_shoals, nicolae_shoals_gull_way,
          uniq_polyphemus
Shoals:3: layout_shoals, gammafunk_ghost_arena, uniq_ilsuiw
Snake:1:  layout_grid_shapes
Snake:2:  layout_cave_town, basic_altar, uniq_saint_roka, uniq_agnes,
          uniq_donald
Snake:3:  layout_honeycomb, serial_shops, nicolae_stop_n_shop_1
Snake:4:  johnstein_snake_rune_scales, layout_cave_town, serial_shops,
          nicolae_shop_gaudy_bauble, ebering_ghost_reflecting_pool,
          nicolae_snake_gridmaze_squiggle
Slime:1:  layout_caves, cheibrodos_slime_lost_civilization_6
Orc:1:    layout_caves, basic_altar, nicolae_orc_bridge_out,
          okawaru_metal_pillars_1_2
Orc:2:    st_orc_town, layout_diamond_mine, serial_shops, shop,
          biasface_ghost_orc_armoury, portal_ice_cave_rime,
          david_defended_altar_orc

Skill      XL: |  1  2  3  4  5  6  7  8  9 10 11 12 13 14 15 16 17 18 |
---------------+-------------------------------------------------------+-----
Axes           | 4 5 6 8 10 12 13 15 16 18 19 20 21 | 21.6
Fighting       | 4 5 7 8 10 12 13 14 15 18 21 22 | 22.4
Armour         | 3 4 5 6 7 8 10 12 13 14 15 16 17 18 | 18.8
Dodging        | 3 |  3.8
Stealth        | 1 2 |  2.3
Shields        | 1 3 6 10 12 14 16 18 19 | 19.8
Throwing       | |  0.5

Action                     |  1- 3 |  4- 6 |  7- 9 | 10-12 | 13-15 | 16-18 || total
---------------------------+-------+-------+-------+-------+-------+-------++-------
  Melee: Hand axe          |    20 |    90 |   201 |   532 |   692 |       ||  1535
         Headbutt          |     1 |    10 |    43 |   140 |   331 |   145 ||   670
         Punch             |       |     2 |     1 |       |       |       ||     3
         Broad axe         |       |       |       |       |   403 |   654 ||  1057
  Throw: Javelin           |       |       |       |       |     1 |     4 ||     5
 Invoke: Berserk           |     1 |     3 |     3 |    11 |     3 |     3 ||    24
         Brothers in Arms  |       |       |       |     2 |     2 |     6 ||    10
         Trog's Hand       |       |       |       |       |     1 |       ||     1
    Use: Scroll            |       |       |       |    26 |    11 |     3 ||    40
         Potion            |       |       |       |       |     5 |    16 ||    21
   Stab: Petrified         |       |       |       |       |     5 |       ||     5
         Distracted        |       |       |       |       |       |     1 ||     1
 Armour: Ring mail         |    25 |    18 |       |       |       |       ||    43
         Plate armour      |       |     4 |    80 |    43 |       |       ||   127
         Crystal plate arm |       |       |       |   307 |   608 |   556 ||  1471
  Dodge: Dodged            |    31 |    48 |    61 |    87 |   172 |   187 ||   586
  Block: Kite shield       |       |       |    17 |   259 |   673 |   633 ||  1582
